 Dungeon Crawl Stone Soup version 0.28-b1-70-g80dc712255 (webtiles) character file.

Game seed: 3385211439336752274

20 pkoi the Conjurer (level 2, -2/20 HPs)
             Began as a Draconian Conjurer on Feb 3, 2022.
             Slain by Terence (5 damage)
             ... on level 1 of the Dungeon.
             The game lasted 00:01:35 (1385 turns).

pkoi the Conjurer (Draconian Conjurer)              Turns: 1385, Time: 00:01:36

Health: -2/20      AC:  4    Str:  9    XL:     2   Next: 58%
Magic:  0/5        EV: 12    Int: 18    God:
Gold:   18         SH:  0    Dex:  9    Spells: 2/5 levels left

rFire   . . .      SeeInvis .   a - +0 dagger
rCold   . . .      Faith    .   (no shield)
rNeg    . . .      Spirit   .   (armour unavailable)
rPois   .          Reflect  .   (helmet restricted)
rElec   .          Harm     .   (no cloak)
rCorr   .          Rampage  .   (no gloves)
Will    .....                   (no boots)
Stlth   ++........              (no amulet)
HPRegen 0.06/turn               (no ring)
MPRegen 0.09/turn               (no ring)

@: no status effects
A: AC +4, unfitting armour, cold-blooded
a: no special abilities


You were on level 1 of the Dungeon.
You visited 1 branch of the dungeon, and saw 2 of its levels.

You collected 18 gold pieces.

Inventory:

Hand Weapons
 a - a +0 dagger (weapon)
 c - a +0 trident
Scrolls
 b - 2 scrolls of identify
 e - a scroll of vulnerability {unknown}
 f - a scroll of enchant weapon {unknown}
Potions
 d - a potion of flight
 g - a potion of degeneration {unknown}


   Skills:
 - Level 1.7 Dodging
 - Level 1.7 Stealth
 - Level 2.0 Spellcasting
 + Level 4.8 Conjurations


You had 2 spell levels left.
You knew the following spells:

 Your Spells              Type           Power      Damage    Failure   Level
a - Magic Dart            Conj           76%        1d6       2%          1
b - Searing Ray           Conj           38%        2d5       3%          2

Your spell library contained the following spells:

 Spells                   Type           Power      Damage    Failure   Level
 Dazzling Flash           Conj/Hex       20%        N/A       21%         3
 Fulminant Prism          Conj/Hex       5%         3d7       56%         4
 Iskenderun's Mystic Bla  Conj/Tloc      10%        2d4       56%         4


Dungeon Overview and Level Annotations

Branches:
Dungeon (2/15)

Altars:

Annotations:
D:1 Terence


Innate Abilities, Weirdness & Mutations

Your plain brown scales are hard. (AC +4)
You cannot fit into any form of body armour.
You are cold-blooded and may be slowed by cold attacks.


Message History

Terence is moderately wounded.
Terence barely misses you.
The searing ray hits Terence but does no damage.
Terence is moderately wounded.
Terence hits you with a +0 mace.
* * * LOW HITPOINT WARNING * * *
Without enough magic to sustain it, your searing ray dissipates.
Terence misses you.
Unknown command.
Terence barely misses you.
There is a stone staircase leading down here.
Terence asks, "Do you want it fast or slow?"
Terence says, "Rest in peace."
Casting: Searing Ray (safe; 3% risk of failure)
Confirm with . or Enter, or press ? or * to list all spells.
Aiming: Searing Ray (safe; 3% risk of failure)
Press: ? - help, Shift-Dir - straight line, f/p - Terence
Aim: Terence, wielding a +0 mace and wearing a +0 chain mail (lightly wounded, 84% to hit)
The searing ray hits Terence.
Terence is heavily wounded. (Press . to maintain the ray.) Terence hits you with a +0 mace.
* * * LOW HITPOINT WARNING * * *
The searing ray hits Terence but does no damage.
Terence is heavily wounded.
Terence misses you.
The searing ray hits Terence.
Terence is severely wounded.
Terence hits you with a +0 mace.
* * * LOW HITPOINT WARNING * * *
The searing ray hits Terence but does no damage.
Terence is severely wounded.
You finish channelling your searing ray.
Terence closely misses you.
Unknown command.
As you read the scroll labelled ASKANA NASI, it crumbles to dust.
It is a scroll of identify.
d - a potion of flight Terence hits you with a +0 mace.
You die...

#.####.# #.##.......
#.##...# #......###.
##.##.### #......####
#..##.# #.........#
#.###.# ##.....####
#.# #.# #........# #.#
#.# ###.####.# #.# #@#
#.# #.. #.# #@# ####.#
#.. #.# #.# #....# ##.
#.# #.# #.#### ## #.#
#.# #.#########
#.###.######.........#
#...>#.....)....######
#####.#######.#.# #.#
###.# #.# #.#


You could see Terence.

Vanquished Creatures
  A dart slug (D:2)
  2 endoplasms (D:1)
  2 giant cockroaches
  2 goblins
  3 hobgoblins
  3 ball pythons (D:1)
  2 frilled lizards (D:1)
  A kobold (D:1)
  A rat (D:1)
17 creatures vanquished.

Notes
Turn   | Place    | Note
-------+----------+-------------------------------------------
     0 | D:1      | pkoi the Draconian Conjurer began the quest for the Orb.
     0 | D:1      | Reached XP level 1. HP: 14/14 MP: 3/3
    50 | D:1      | Found a faded altar of an unknown god.
   711 | D:1      | Reached XP level 2. HP: 17/20 MP: 0/5
  1218 | D:2      | Learned a level 2 spell: Searing Ray
  1277 | D:2      | Noticed Terence
  1385 | D:1      | Slain by Terence

Illustrated notes

Levels and vault maps discovered:
D:1:      enne_arrival_octagon_isle, layout_loops_ring,
          shapermc_ecumenical_altar_gd
D:2:      layout_basic, minmay_misc_feat_plants, uniq_terence

Action                   || total
-------------------------++-------
Melee: Dagger            ||    13
       Unarmed           ||     5
       Tailslap          ||     2
 Cast: Magic Dart        ||    38
       Searing Ray       ||     2
  Use: Scroll            ||     1
Armor: Skin              ||     5
Dodge: Dodged            ||    16
